Cogmind - Beta 17 @@@ ROGUE MODE // 2026.06.24 @ 04:02:21 Player: TheLostLambda Result: Destroyed by GJ-DJ9(g) with Salvaging Laser Performance ------------- Evolutions (0) 0 Regions Visited (3) 600 Robots Destroyed (25) 125 Value Destroyed (587) 587 Prototype IDs (23) 460 Alien Tech Used (0) 0 Bonus (800) 800 TOTAL SCORE: 2572 Bonus ------- Registered with UFD 300 Met Optimus in HQ 500 Cogmind --------- Core Integrity 0/250 Matter 296/300 Energy 160/170 System Corruption 0% Temperature Cool (6) Movement Core (450) Ox8 Location -7/Scraptown Parts ------- > --- POWER (1) -------- Mini Fusion Reactor (fused) > --- PROPULSION (2) --- Overtuned Scrapsphere > --- UTILITY (2) ------ Medium Storage Unit Self-contained Transmogrifier > --- WEAPON (2) ------- Falx (fused) Companion Sword > --- INVENTORY (10) --- Subdweller Optics Terrain Scanner Terrain Scan Processor A0-MCA's Component Scanner Arc Projector Plasma Cannon CPS Tube (2) Botcube Peak State ------------ > --- POWER ------------ Hybrid Antimatter Reactor > --- PROPULSION ------- Overtuned Scrapsphere Improved VTOL Module > --- UTILITY ---------- Medium Storage Unit Self-contained Transmogrifier > --- WEAPON ----------- Falx Falx > --- INVENTORY -------- Compact Wheel Subdweller Optics Terrain Scanner Terrain Scan Processor Lightning Gun Arc Projector Heavy Laser Plasma Cannon CPS Tube Botcube [Rating: 37] Favorites ----------- Power Ion Engine Engine Ion Engine Power Core Fission Core Reactor Hybrid Antimatter Reactor Propulsion Wheel Leg Aluminum Leg Wheel Wheel Hover Unit Aerolev Unit Flight Unit Improved VTOL Module Utility Medium Storage Unit Device Self-contained Transmogrifier Storage Medium Storage Unit Weapon Improved Heavy Machine Gun Energy Gun Medium Laser Energy Cannon Powered Cannon Ballistic Gun Improved Heavy Machine Gun Special Weapon Mining Laser Slashing Weapon Falx Build | -11 -10 -10 -7 ------- Run | Yrd Mat Sub Scr Slots Evolved . | . . . . Power . | . . . . Propulsion . | . . . . Utility . | . . . . Weapon . | . . . . Parts Attached 32 | 9 16 4 3 Power 7 | 2 4 . 1 Engine 6 | 2 4 . . Core 1 | . . . 1 Reactor . | . . . . Propulsion 11 | 3 6 1 1 Treads . | . . . . Leg 5 | . 5 . . Wheel 6 | 3 1 1 1 Hover . | . . . . Flight . | . . . . Utility 6 | 2 3 1 . Device 4 | 1 2 1 . Storage 2 | 1 1 . . Processor . | . . . . Hackware . | . . . . Protection . | . . . . Artifact . | . . . . Weapon 8 | 2 3 2 1 Energy Gun 2 | 2 . . . Energy Cannon 1 | . . 1 . Ballistic Gun 3 | . 2 1 . Ballistic Cannon . | . . . . Launcher . | . . . . Special Weapon 1 | . 1 . . Impact Weapon . | . . . . Slashing Weapon 1 | . . . 1 Piercing Weapon . | . . . . Special Melee Weapon . | . . . . Unidentified Prototypes 2 | . . 1 1 Parts Lost 9 | . 8 . 1 Power 3 | . 3 . . Propulsion 3 | . 2 . 1 Utility 2 | . 2 . . Weapon 1 | . 1 . . Highest Loss Streak 3 | . 3 . 1 To Critical Strikes . | . . . . Average Backups 9 | 3 8 9 9 Power . | . . . . Propulsion 2 | 1 3 3 1 Utility 2 | . 1 2 3 Weapon 3 | 1 2 3 3 Tool/Special . | . . . . Unused Backups 15 | . 3 2 10 Power . | . . . . Propulsion . | . . . . Utility 6 | . 1 1 4 Weapon 7 | . 2 . 5 Tool/Special 2 | . . 1 1 Average Slot Usage (%) 98 | . 96 94 100 Engine 8 | . 12 18 5 Core 2 | . . . 4 Reactor 2 | . . . 4 Leg 8 | . 20 21 . Wheel 14 | . 6 4 18 Hover 2 | . . . 3 Flight 3 | . . . 5 Device 13 | . 12 13 14 Storage 13 | . 14 13 14 Energy Gun 3 | . 10 . 2 Ballistic Gun 14 | . 16 12 14 Slashing Weapon 7 | . . . 11 Peak Build Rating 37 | 7 10 30 37 Average Rating 24 | 5 8 20 31 On Entrance 10 | . 7 8 26 Avg Prop Armor Cover (%) 5 | . . 8 5 Naked Turns . | . . . . Heaviest Build 31 | 15 19 29 31 Greatest Support 26 | 26 20 20 22 Greatest Overweight (x) 9 | . 1 2 9 Average Overweight (x) 1 | . . . 1 Largest Inventory Capacity 10 | 8 10 10 10 Average Capacity 9 | 7 9 10 10 Most Carried 10 | 7 10 10 10 Average Carried 9 | 3 8 9 9 Final Capacity 10 | 8 10 10 10 Final Carried 10 | 7 10 10 8 Transmogrified Parts 29 | . . 4 25 Integrity Recovered 123 | . . 7 116 Class Distribution -------------------- 83% | Mutant 16% | Scavenger-Mutant Dominant Class ---------------- Mutant | -10/Materials Mutant | -10/Subcaves Mutant | -7/Scraptown Resources | -11 -10 -10 -7 ----------- Run | Yrd Mat Sub Scr Matter Collected 660 | 290 217 99 54 Remotely . | . . . . Salvage Created 797 | 121 590 86 . Parts 47 | 6 38 3 . Haulers Intercepted . | . . . . Recyclers Shooed . | . . . . Parts Field Recycled . | . . . . Retrieved Matter . | . . . . Parts Self-Destructed . | . . . . Prevented . | . . . . Parts Restored . | . . . . Kills | -11 -10 -10 -7 ------- Run | Yrd Mat Sub Scr Combat Hostiles Destroyed 19 | . 17 2 . Guns 17 | . 17 . . Cannons 1 | . . 1 . Classes Destroyed 6 | 2 3 1 . Tunneler 4 | 3 1 . . Recycler 1 | 1 . . . Operator 1 | . 1 . . Swarmer 6 | . 6 . . Grunt 11 | . 11 . . Subdweller 2 | . . 2 . Best Kill Streak 6 | 4 6 2 . Combat Bots Only 5 | . 5 2 . Max Kills in Single Turn 2 | 1 2 1 . Gunslinging . | . . . . Exploded . | . . . . Melee . | . . . . Uniques/NPCs Destroyed . | . . . . Combat | -11 -10 -10 -7 -------- Run | Yrd Mat Sub Scr Hostile Shots Fired 134 | . 105 2 27 Missed 33 | . 22 1 10 Hits 101 | . 83 1 17 Melee 4 | . . . 4 Projectile 97 | . 83 1 13 Critical Strikes 2 | . 1 . 1 Damage Taken 1185 | . 967 55 163 Core 252 | . 154 7 91 Absorbed by Shields . | . . . . Core Remaining (%) 100 | 100 . . . Volleys Fired 84 | 7 64 13 . Largest 2 | 2 2 2 . Hottest 100 | 100 100 100 . Shots Fired 153 | 14 124 15 . Gun 140 | 14 122 4 . Cannon 5 | . . 5 . Launcher . | . . . . Special 8 | . 2 6 . Kinetic 53 | . 49 4 . Thermal 100 | 14 75 11 . Explosive . | . . . . Electromagnetic . | . . . . Robot Hit Streak 13 | 4 13 3 . Robot Miss Streak 3 | 2 3 1 . Penetration Max . | . . . . Secondary Targets 4 | . 4 . . Max Gunslinging Chain 1 | . 1 . . Shots Hit Robots 96 | 10 80 4 2 Core Hits 39 | 5 32 1 1 Critical Kills 1 | . . 1 . Critical Parts Destroyed . | . . . . Critical Strikes 5 | . 4 1 . Burn 4 | . 4 . . Meltdown 1 | . . 1 . Melee Attacks 5 | . . . 5 Impact . | . . . . Slashing 5 | . . . 5 Piercing . | . . . . Sneak Attacks . | . . . . Combat Hostiles . | . . . . Follow-up Attacks . | . . . . Damage Inflicted 1324 | 138 938 199 49 Guns 1076 | 138 938 . . Cannons 199 | . . 199 . Explosions . | . . . . Melee 49 | . . . 49 Ramming . | . . . . Kinetic 351 | . 351 . . Thermal 924 | 138 587 199 . Explosive . | . . . . Electromagnetic . | . . . . Impact . | . . . . Slashing 49 | . . . 49 Piercing . | . . . . Highest Corruption . | . . . . Average Corruption . | . . . . Corruption Purged . | . . . . Corruption Blocked . | . . . . Overload Shots . | . . . . Overflow Damage . | . . . . Projectiles . | . . . . Explosions . | . . . . Melee . | . . . . Knockbacks . | . . . . Impact . | . . . . Kinetic . | . . . . Secondary . | . . . . Self-Inflicted Damage . | . . . . Shots . | . . . . Rammed . | . . . . Targets Rammed . | . . . . Kicked . | . . . . Crushed . | . . . . Highest Temperature 329 | 156 329 10 1 Average Temperature 140 | 73 153 6 1 Received Heat Transfer 507 | . 465 . 42 Effects 1 | . 1 . . Interference 1 | . 1 . . Siege Activations . | . . . . Martial Activations . | . . . . Shielding Activations . | . . . . Robots Disrupted 1 | . . . 1 Combat Hostiles 1 | . . . 1 Robots Corrupted . | . . . . Combat Hostiles . | . . . . Parts Fried . | . . . . Impact Corruptions . | . . . . Robots Melted 1 | . . 1 . Combat Hostiles 1 | . . 1 . Parts Melted 12 | 4 7 1 . Heat Transferred 2442 | 407 2035 . . Parts Sabotaged . | . . . . Parts Stolen 1 | . . . 1 Parts Stripped . | . . . . Power Chain Reactions . | . . . . Alert | -11 -10 -10 -7 ------- Run | Yrd Mat Sub Scr Maximum Alert Level . | . . . . Low Security (%) 100 | 100 100 . . Level 1 . | . . . . Level 2 . | . . . . Level 3 . | . . . . Level 4 . | . . . . Level 5 . | . . . . High Security . | . . . . Max Security . | . . . . Peak Influence 185 | 5 185 . . Initial . | . . . . Average 107 | 1 119 . . Influence Increases 515 | 20 495 . . Destroy 0b10 Robot/C 340 | . 340 . . Destroy 0b10 Robot/NC 30 | 20 10 . . Destroy Leader 80 | . 80 . . Successful Hack 5 | . 5 . . Disable Machine 15 | . 15 . . Lose Combat Pursuer 45 | . 45 . . Influence Decreases 515 | 20 406 89 . Entered New Map 44 | . . 44 . Time Decay 391 | 20 326 45 . Lost Part 80 | . 80 . . Squads Dispatched 5 | . 5 . . Investigation 2 | . 2 . . Extermination . | . . . . Reinforcement 3 | . 3 . . Assault . | . . . . Garrison . | . . . . Intercept . | . . . . Searches Triggered . | . . . . Construction Impeded . | . . . . Haulers Reinforced . | . . . . Active Scanning Responses . | . . . . Cargo Convoy Interrupts . | . . . . Stealth | -11 -10 -10 -7 --------- Run | Yrd Mat Sub Scr Distress Signals 3 | . 3 . . Communications Jammed . | . . . . Distress Signals . | . . . . Times Spotted 36 | . 26 2 8 Peak Tracking Total 7 | . 6 2 7 Tactical Retreats 2 | . 2 . . Traps | -11 -10 -10 -7 ------- Run | Yrd Mat Sub Scr Traps Triggered 3 | . 2 1 . Indirectly . | . . . . Trap Hack Attempts . | . . . . Triggered . | . . . . Disarmed . | . . . . Reprogrammed . | . . . . Reused . | . . . . Traps Extracted . | . . . . Installed . | . . . . Triggered . | . . . . Machines | -11 -10 -10 -7 ---------- Run | Yrd Mat Sub Scr Machines Disabled 2 | . 1 1 . Max in Single Turn 1 | . 1 1 . Machines Repaired . | . . . . Machines Dismantled . | . . . . Machines Sabotaged . | . . . . Overloaded Fab Kills . | . . . . Hacking | -11 -10 -10 -7 --------- Run | Yrd Mat Sub Scr Machines Accessed 9 | . 2 1 6 Terminals 1 | . 1 . . Fabricators . | . . . . Repair Stations . | . . . . Recycling Units 1 | . 1 . . Scanalyzers . | . . . . Garrison Access . | . . . . Total Hacks 34 | . 4 9 21 Successful 33 | . 3 9 21 Failed 1 | . 1 . . Catastrophic . | . . . . Database Lockouts . | . . . . Manual 3 | . 3 . . Terminals 2 | . 2 . . Fabricators . | . . . . Repair Stations . | . . . . Recycling Units 2 | . 2 . . Scanalyzers . | . . . . Garrison Access . | . . . . Terminal Hacks 30 | . . 9 21 Record 28 | . . 8 20 Open Door 1 | . . . 1 Proto ID Catalog 1 | . . 1 . Fabricator Hacks . | . . . . Repair Station Hacks . | . . . . Recycling Unit Hacks 2 | . 2 . . Report Inventory 1 | . 1 . . Retrieve Components 1 | . 1 . . Scanalyzer . | . . . . Garrison Access Hacks . | . . . . Unauthorized Hacks 1 | . 1 . . Terminals 1 | . 1 . . Botnet 1 | . 1 . . Fabricators . | . . . . Repair Stations . | . . . . Recycling Units . | . . . . Scanalyzers . | . . . . Garrison Access . | . . . . Data Cores Recovered . | . . . . Used . | . . . . Hacking Detections 2 | . 2 . . Full Trace Events . | . . . . Feedback Events . | . . . . Feedback Blocked . | . . . . Robot Schematics Acquired . | . . . . Robots Built . | . . . . Authchips . | . . . . Time . | . . . . Total Robot Build Rating . | . . . . Part Schematics Acquired . | . . . . Parts Built . | . . . . Authchips . | . . . . Time . | . . . . Total Part Build Rating . | . . . . Part Studies Acquired . | . . . . Parts Repaired . | . . . . Time . | . . . . Parts Recycled . | . . . . Recycled Matter . | . . . . Retrieved Matter . | . . . . Retrieved Components 4 | . 4 . . Parts Scanalyzed . | . . . . Part Schematics Acquired . | . . . . Parts Damaged . | . . . . Bothacking | -11 -10 -10 -7 ------------ Run | Yrd Mat Sub Scr Used RIF Installer . | . . . . Robots Hacked . | . . . . Non-combat . | . . . . Combat . | . . . . Robot Hacks Applied . | . . . . Relay Couplers Released . | . . . . Fabnet Peak Effective % . | . . . . Robots Rewired . | . . . . Allies Hacked . | . . . . Hacks Repelled . | . . . . Allies | -11 -10 -10 -7 -------- Run | Yrd Mat Sub Scr Total Allies . | . . . . Largest Group . | . . . . Highest-Rated Group . | . . . . Highest-Rated Ally . | . . . . Total Orders . | . . . . Ally Attacks . | . . . . Total Damage . | . . . . Kills . | . . . . Allies Corrupted . | . . . . Allies Melted . | . . . . Intel | -11 -10 -10 -7 ------- Run | Yrd Mat Sub Scr Active Infowar (turns) 866 | 23 716 127 . Terrain 751 | . 624 127 . Seismic 115 | 23 92 . . Robot Analysis Total . | . . . . Derelict Logs Recovered 3 | . . 2 1 Drone Launches . | . . . . Drone Recoveries . | . . . . Exploration | -11 -10 -10 -7 ------------- Run | Yrd Mat Sub Scr Turns Passed 3412 | 89 814 371 2138 Spaces Moved 2702 | 57 502 246 1897 Core 30 | 2 . . 28 Treads . | . . . . Legs 507 | . 382 125 . Wheels 2165 | 55 120 121 1869 Hover . | . . . . Flight . | . . . . Fastest Speed 50 | 50 80 110 92 Average Speed 111 | 86 110 123 111 Slowest Speed 500 | 90 120 190 500 Overloaded Moves . | . . . . Propulsion Burnouts . | . . . . Robots Hopped . | . . . . Potential Cave-ins . | . . . . Cave-ins Triggered . | . . . . Exploration Rate (%) 43 | 3 58 18 95 Regions Visited 3 Branch Regions 2 Pre-discovered Areas . | . . . . Known Exits Taken . | . . . . Unknown Exits Taken 3 | 1 1 1 . Scrap Searched 4 | . . . 4 Spaces Dug . | . . . . Terrain Destroyed 1 | . . 1 . Melee . | . . . . Projectile 1 | . . 1 . AOE . | . . . . Terrain Rammed . | . . . . Walls Destroyed . | . . . . Machines Disabled . | . . . . Actions | -11 -10 -10 -7 --------- Run | Yrd Mat Sub Scr Total 2933 | 77 639 291 1926 Wait 50 | . 39 10 1 Move 2699 | 56 501 245 1897 Hop . | . . . . Pick Up 29 | 5 9 6 9 Fast Attach 11 | 7 2 2 . Attach 8 | . 6 2 . Detach 2 | . . 2 . Swap 21 | 2 11 3 5 Drop 24 | . 7 8 9 Fire 84 | 7 64 13 . Melee 5 | . . . 5 Ram . | . . . . Kick . | . . . . Crush . | . . . . Escape Stasis . | . . . . Rewire . | . . . . Trap . | . . . . Miscellaneous . | . . . . Route ------- -11/Scrapyard -10/Materials (discovered 4 exits: [*Mat x2] / [*Min] / *Sub) -10/Subcaves -7/Scraptown (discovered 2 exits: [*Fac x2]) History --------- Turn | Location | Event 5 | -11/Scrapyard | Discovered new exit (range 16) 90 | -11/Scrapyard | Entered Materials 233 | -10/Materials | Lost 3 parts (1p1n1u) 351 | -10/Materials | Core integrity fell below 50% 553 | -10/Materials | Discovered new exit (range 4) 718 | -10/Materials | Discovered new exit (range 11) 794 | -10/Materials | Build established: Scavenger-Mutant 839 | -10/Materials | Discovered new exit (range 10) 899 | -10/Materials | Discovered new exit (range 4) 904 | -10/Materials | Entered Subcaves 905 | -10/Subcaves | Approached by a straggling Scientist 934 | -10/Subcaves | Learned Materials machine intel 1022 | -10/Subcaves | Visited 4L-MR0's lab 1031 | -10/Subcaves | Found Prototype Device 1031 | -10/Subcaves | Identified Sfc. Transmogrifier 1044 | -10/Subcaves | Found Powered Cannon 1073 | -10/Subcaves | Attached Powered Cannon, gained temporary slot: Power 1169 | -10/Subcaves | Learned Materials terminal intel 1275 | -10/Subcaves | Entered Scraptown 1336 | -7/Scraptown | Heard Great Nut preacher, LISTEN AND RECITE! 1465 | -7/Scraptown | Build established: Mutant 1560 | -7/Scraptown | Discovered new exit (range 3) 1592 | -7/Scraptown | Scanned Subdweller tech in exchange for log data 1595 | -7/Scraptown | Learned Research security intel 1702 | -7/Scraptown | Visited CPS Storage 1719 | -7/Scraptown | Visited Spacefarers 1780 | -7/Scraptown | Visited Junk Repository 1844 | -7/Scraptown | Visited UFD Registry 2132 | -7/Scraptown | Visited Junk Repository 2163 | -7/Scraptown | Visited Fellowship of the Rings 2244 | -7/Scraptown | Registered with UFD as "Gammaforce" 2269 | -7/Scraptown | Visited Research Penetration Think Tank 2298 | -7/Scraptown | Visited Botcube Research 2307 | -7/Scraptown | Found Botcube 2324 | -7/Scraptown | Visited Curators Association 2487 | -7/Scraptown | Visited Chapter 10 2528 | -7/Scraptown | Visited DA-N13 Charitable Foundation 2543 | -7/Scraptown | Found DCF Scrap (30 items) 2576 | -7/Scraptown | Visited Observation Area 2622 | -7/Scraptown | Visited Abandonware Association 2636 | -7/Scraptown | Learned abandonware demo "SHUTEYE.EXE" 2636 | -7/Scraptown | Learned abandonware demo "KABOOM.EXE" 2797 | -7/Scraptown | Discovered new exit (range 5) 2884 | -7/Scraptown | Visited Sword Containment 2895 | -7/Scraptown | Found Prototype Slashing Weapon 2928 | -7/Scraptown | Visited A0-MCA Data Center 2935 | -7/Scraptown | Given a C+ rating by A0-MCA 2940 | -7/Scraptown | Found A0-MCA's Component Scanner 2971 | -7/Scraptown | Visited LU-1G1's Boring Crew 3301 | -7/Scraptown | Met Optimus 3301 | -7/Scraptown | Accepted into 0bPrime 3385 | -7/Scraptown | Civil war broke out across Scraptown 3385 | -7/Scraptown | Identified Companion Sword 3407 | -7/Scraptown | Core integrity fell below 20% 3413 | -7/Scraptown | Destroyed by GJ-DJ9(g) with Salvaging Laser Last Messages --------------- 03401_ Slug penetrates F5-I50(p). 03401_ Slug penetrates Machine. 03401_ Machine disabled. 03403_ Slug penetrates F5-I50(p). 03403_ F5-I50(p) destroyed. 03403_ Slug penetrates Machine. 03403_ UJ-LA8(x) shuts down. 03406_ SG-DBB(p) switches sides. 03406_ Bolt penetrates Optimus. 03406_ Discarded Imp. VTOL Module. 03406_ CY-PA2(c) suffers critical hit (Destroy). 03406_ CY-PA2(c) destroyed. 03407_ Acquired 6 matter. 03408_ Bolt penetrates Wall. 03408_ Bolt penetrates Optimus. 03410_ Destroyed Wheel. 03411_ Bolt penetrates Optimus. 03411_ Wheel ripped off. 03411_ SG-DBB(p) destroyed. 03412_ KW-UEV(j) destroyed. Map ----- +----------------------------------------------------+ | ????????????????????## ##???????????????????????? | | ??????????############ #????????????????????????? | | ########??# ## #????????????????????????? | | """""""""## ## ###########??????????????? | | """""""""## ## #"""""""""#??????????????? | | """""""""## ## # " " " #??????????????? | | """""""""## [ ## # #??????????????? | | """ """## ## # "# #" #??????????????? | | """ """###### ###### # "#X#" #??????????????? | | """ ["!"#?#### X###?# # "###" #??????????????? | | """" """#?# #?# # """"" #??????????????? | | """ """#?# #?# # #??????????????? | | " #?# #?# # #??????????????? | | #### #####?##### ###?# ## ########??????????????? | | #### ##########; #####! ## ###############???????? | | """" """"""""""" """""% "" "## """""""""#???????? | | "## "#???????? | | "## """""" "#???????? | | p "## "????" "#???????? | | ! "## "????" "#???????? | | =%[ "????" "#???????? | | """""""""""""""""""""" = "## """""" "#???????? | | """""""""""""""""""""" "## " "#???????? | | ## ################"" "## """"""""""#???????? | | ##????????#""%! "##############???????? | | X"#????????#""= @ "## ! #????????????? | | "" "" ##????????#"" r "## % #????????????? | | " "" X"#?????####""x= *"## = #????????????? | | " ########;=; " = =!"##[=**###????????????? | | "" [3! [%! =!*!=%%!!"##????????????? | | "" *[![!!=[ ["##!![=!*#????????????? | | " ######### ;! %[* ! ;#!!/%=*#????????????? | | " "" ""#??????###" != "#"=]/*[*#????????????? | | "" "" ##????????#""! "#########????????????? | | X"#????????#"" "#????????????????????? | | ##????????#"" "#????????????????????? | | ## ################" g"#############????????? | | """""""""""""""""""""" "## """"""" "#????????? | | """"""""""""""""""""" """""" "#????????? | | "## " " "#????????? | | "## """ "#????????? | | "## "#????????? | | = ## ""#????????? | | # "#????????? | | """""" """"""""""" """""" ## "#????????? | | ###### ########### ###### ## # #"#????????? | | # "##" "# ## ########"#????????? | | #""" "###"" ""## ####????????#????????? | | #"" | " #?#$" "=## #????????????????????? | | #""" ""###"" ""## #????????????????????? | +----------------------------------------------------+ Best States ------------- Heat Dissipation 25 Energy Generation 21 Energy Capacity 1100 Matter Stores 300 Matter Capacity 300 Sight Range 16 Terrain Scan Range 16 Terrain Scan Density 10 Evasion (%) 55 Item Schematics ----------------- None Robot Schematics ------------------ None Fabricated ------------ Nothing Repaired ---------- Nothing Studied --------- None Alien Tech Used ----------------- None Achievements -------------- Mistaken Identity Challenges ------------ None Game ------ Seed HeatMomentumGuard Manual? 0 Play Time 01:02:54 Cumulative 65.5 hours Start 2026.06.24 @ 02:53:59 End 2026.06.24 @ 04:02:21 Sessions 1 Manual Loads 0 Difficulty Rogue Special Mode None Game No. 28 Rogue 28 Adventurer 0 Explorer 0 Win Type - Total 1 Types 1/0/0/0/0/0/0/0/0/0 Lore% 29 Gallery% 38 Achievement% 33 Wizard Run 0 Options --------- Layout 1 ASCII 0 Keyboard 0 Movement Arrows Keybinds 0 Fullscreen 1 Font 48/Smallcaps Map View 50x35 Zoom Use 0% Tactical HUD 1 Map Filters NONE Filters NONE Steam 1 RUN: 23f86403-f44c-4e54-8e75-81b087c3bf2e